 Dungeon Crawl Stone Soup version 0.22-a0-995-g3b949e0 (webtiles) character file.

66 Charun the Stinger (level 4, -1/27 HPs)
             Began as an Octopode Venom Mage on May 19, 2020.
             Slain by a jelly (3 damage)
             ... on level 2 of the Dungeon.
             The game lasted 00:07:28 (1035 turns).

Charun the Stinger (Octopode Venom Mage)            Turns: 1035, Time: 00:07:28

Health: -1/27      AC: -3    Str:  8    XL:     4   Next: 15%
Magic:  2/7        EV: 13    Int: 17    God:
Gold:   98         SH:  0    Dex: 12    Spells: 6/7 levels left

rFire    x . .     SeeInvis .   g - +0 dagger
rCold    + . .     Gourm    .   (no shield)
rNeg     . . .     Faith    .   (armour unavailable)
rPois    .         Spirit   .   (no helmet)
rElec    .         Reflect  .   (cloak unavailable)
rCorr    .         Harm     .   (gloves unavailable)
MR       .....                  (boots unavailable)
Stlth    +++.......             (no amulet)
HPRegen  0.09/turn              (ring unavailable)
MPRegen  0.10/turn              (ring unavailable)
                                j - ring of ice
                                (no ring)
                                (no ring)
                                (no ring)
                                (no ring)
                                (no ring)
                                (no ring)
                                (no ring)

@: corroded
A: almost no armour, stealthy swim, amphibious, 8 rings, constrict 8, camouflage
1, gelatinous body 1, evolution 1
a: no special abilities


You were on level 2 of the Dungeon.
You were not hungry.
You have taken the pledge of Peer Pressure.
You visited 1 branch of the dungeon, and saw 2 of its levels.

You collected 98 gold pieces.

Inventory:

Hand Weapons
 c - a +0 dagger
 g - a +0 dagger (weapon)
Missiles
 d - 21 sling bullets
 e - 78 stones
 i - 8 silver tomahawks (quivered)
Jewellery
 j - a ring of ice (left tentacle)
Scrolls
 a - a scroll of fear
 h - a scroll of teleportation {unknown}
 k - a scroll of remove curse
 l - a scroll of amnesia {unknown}
 m - a scroll of noise {unknown}
 n - a scroll of identify
 o - a scroll of magic mapping {unknown}
 p - a scroll of enchant armour {unknown}
Potions
 f - 2 potions of berserk rage {unknown}
 r - a potion of haste
Comestibles
 b - a ration


   Skills:
 + Level 0.9 Fighting
 + Level 0.6 Short Blades
 + Level 1.0 Throwing
 + Level 2.4 Dodging
 + Level 3.2 Stealth
 + Level 2.3 Spellcasting
 + Level 1.5 Conjurations
 + Level 4.0 Poison Magic


You had 6 spell levels left.
You knew the following spells:

 Your Spells              Type           Power        Failure   Level  Hunger
a - Sting                 Conj/Pois      ##..         6%          1    #......

Your spell library contained the following spells:

 Spells                   Type           Power        Failure   Level  Hunger
 Mephitic Cloud           Conj/Pois/Air  #.......     26%         3    ###....
 Venom Bolt               Conj/Pois      ##........   86%         5    ######.
 Olgreb's Toxic Radiance  Pois           ###.....     34%         4    #####..
 Poisonous Vapours        Pois/Air       #.....       12%         2    ##.....


Dungeon Overview and Level Annotations

Branches:
Dungeon (2/15)

Altars:
Ashenzari
Vehumet


Innate Abilities, Weirdness & Mutations

You cannot wear most types of armour.
You are very stealthy in the water. (Stealth+)
You are amphibious.
You can wear up to eight rings at the same time.
You can use your tentacles to constrict eight enemies at once.
Your skin changes colour to match your surroundings (Stealth+).
Your rubbery body absorbs attacks. (AC +1, EV +1)
You evolve.


Message History

Casting: Sting (safe; 6% risk of failure)
Confirm with . or Enter, or press ? or * to list all spells.
Aiming: Sting (safe; 6% risk of failure)
Press: ? - help, Shift-Dir - straight line, f/p - jelly
Aim: a jelly (almost dead)
The sting hits the jelly.
The jelly completely resists.
The jelly is almost dead.
The jelly hits you.
* * * LOW HITPOINT WARNING * * *
You are splashed with acid!
The acid burns!
* * * LOW HITPOINT WARNING * * *
Casting: Sting (safe; 6% risk of failure)
Confirm with . or Enter, or press ? or * to list all spells.
Aiming: Sting (safe; 6% risk of failure)
Press: ? - help, Shift-Dir - straight line, f/p - jelly
Aim: a jelly (almost dead)
The sting hits the jelly.
The jelly is almost dead.
The jelly hits you.
You die...

.#.#.###.# #....#
.........# ####.#
.#.#.##.##
#.######
####.######.##....
#..##.#.....##.###
#.#†#.#)###....# #
#.##.##.# #.#### #
##.####.# #.# #
#@#.# #.###.######
#J##..#...........
#.. #.#.###.######
###. ##.....# _#
####### #


You could see a jelly.

Vanquished Creatures
  3 adders (D:2)
  A dart slug (D:1)
  2 leopard geckos (D:1)
  A ball python (D:2)
  3 bats
  A giant cockroach (D:2)
  5 goblins
  4 hobgoblins
  A jackal (D:2)
  4 kobolds
  A quokka (D:2)
  A frilled lizard (D:1)
  6 rats
33 creatures vanquished.

Notes
Turn   | Place    | Note
-------+----------+-------------------------------------------
     0 | D:1      | Charun the Octopode Venom Mage began the quest for the Orb.
     0 | D:1      | Reached XP level 1. HP: 11/11 MP: 3/3
   266 | D:1      | Reached XP level 2. HP: 17/17 MP: 0/5
   779 | D:2      | Reached XP level 3. HP: 22/22 MP: 1/6
   948 | D:2      | Found a radiant altar of Vehumet.
   958 | D:2      | Gained mutation: You evolve. [mutagenic meat]
  1006 | D:2      | Reached skill level 4 in Poison Magic
  1019 | D:2      | Reached skill level 1 in Throwing
  1019 | D:2      | Reached XP level 4. HP: 21/27 MP: 3/7
  1030 | D:2      | Found a shattered altar of Ashenzari.
  1034 | D:2      | HP: 1/27 [acid (6)]
  1035 | D:2      | Slain by a jelly

Vault maps used:
D:1:      minmay_arrival_four_houses
D:2:      minmay_diamond_boxcup, vehumet_crystals, marbit_many_paths

Skill      XL: |  1  2  3 |
---------------+----------+-----
Stealth        | 3 |  3.2
Poison Magic   | 4 |  4.0
Throwing       | 1 |  1.0
Fighting       | |  0.9
Short Blades   | |  0.6
Dodging        | |  2.4
Spellcasting   | |  2.3
Conjurations   | |  1.5

Action                   |  1- 3 |  4- 6 || total
-------------------------+-------+-------++-------
Melee: Dagger            |    22 |     3 ||    25
       Constrict         |     6 |       ||     6
       Unarmed           |     2 |       ||     2
       Tentacles         |     2 |     1 ||     3
 Cast: Sting             |    41 |     3 ||    44
  Use: Scroll            |       |     3 ||     3
 Stab: Sleeping          |     3 |     2 ||     5
  Eat: Chunk             |     1 |       ||     1
Armor: Skin              |     5 |       ||     5
Dodge: Dodged            |    18 |     1 ||    19

Table legend:
 A = Spawn XP
 B = Non-spawn XP
 C = Spawn XP percentage of total XP
 D = Spawn monster count
 E = Non-spawn monster count
 F = Spawn count percentage of total count
 G = Total turns spent on level
                    A         B        C        D         E        F      G
               +---------+---------+-------+---------+---------+-------+---------
         Total |       0 |      95 |   0.0 |       0 |      33 |   0.0 |  1035
               +---------+---------+-------+---------+---------+-------+---------
           D:1 |       0 |      26 |   0.0 |       0 |      12 |   0.0 |   770
           D:2 |       0 |      69 |   0.0 |       0 |      21 |   0.0 |   265
               +---------+---------+-------+---------+---------+-------+---------
